 Dungeon Crawl Stone Soup version 0.32-a0-19-g28bc0835a1 (webtiles) character file.

Game seed: 3800835436687344779

31 Armakuni the Twirler (level 3, 0/22 HPs)
             Began as a Deep Elf Wanderer on Jan 18, 2024.
             Slain by an adder (1 damage)
             ... on level 2 of the Dungeon.
             The game lasted 00:04:03 (1229 turns).

Armakuni the Twirler (Deep Elf Wanderer)            Turns: 1229, Time: 00:04:04

Health: 0/22       AC:  3    Str: 10    XL:     3   Next: 7%
Magic:  15/16      EV: 11    Int: 16    God:
Gold:   16         SH:  0    Dex: 15    Spells: 4/5 levels left

rFire   . . .        a - +3 quarterstaff
rCold   . . .        (shield currently unavailable)
rNeg    . . .        d - +0 robe
rPois   .            (no helmet)
rElec   .            (no cloak)
rCorr   .            f - +0 pair of gloves
SInv    .            (no boots)
Will    .....        (no amulet)
Stlth   +            W - ring of wizardry
HPRegen 0.23/turn    P - ring of magical power
MPRegen 0.15/turn

%: wizardry (x1)
@: lethally poisoned (0 -> -11)
A: no striking features
a: no special abilities


You were on level 2 of the Dungeon.
You visited 1 branch of the dungeon, and saw 3 of its levels.

You collected 64 gold pieces.
You spent 48 gold pieces at shops.

Inventory:

Hand Weapons
 a - a +3 quarterstaff (weapon)
Armour
 d - a +0 robe (worn)
 f - a +0 pair of gloves (worn)
Jewellery
 P - a ring of magical power (right hand)
 W - a ring of wizardry (left hand)
Wands
 b - a wand of flame (5)
Scrolls
 c - a scroll of fog
 g - 2 scrolls of identify
 h - a scroll of teleportation


   Skills:
 + Level 2.6 Fighting
 - Level 4.0 Staves
 - Level 1.5 Spellcasting
 - Level 1.1 Summonings
 - Level 1.0 Invocations
 - Level 2.1 Evocations


You had 4 spell levels left.
You knew the following spells:

 Your Spells              Type           Power      Damage    Failure   Level
a - Summon Small Mammal   Summ           16%        N/A       6%          1

Your spell library contained the following spells:

 Spells                   Type           Power      Damage    Failure   Level
 Call Canine Familiar     Summ           4%         N/A       16%         3


Dungeon Overview and Level Annotations

Branches:
Dungeon (3/15)

Altars:

Shops:
D:2 *=*


Message History

Your rat's corpse disappears in a puff of smoke!
Your bat misses the adder. The adder bites your bat.
The adder barely misses your bat.
Your bat barely misses the adder.
The adder completely misses your bat.
Your bat hits the adder but does no damage.
The adder closely misses your bat.
Your bat closely misses the adder.
Your bat closely misses the adder.
Your bat closely misses the adder.
Something barely misses your bat.
There is a stone staircase leading down here.
The adder barely misses your bat.
Your bat closely misses the adder.
The adder bites your bat.
Your bat dies!
Your bat's corpse disappears in a puff of smoke!
You climb downwards.
Found two stone staircases leading down.
There is a stone staircase leading up here.
You start resting.
Magic restored.
You climb upwards.
The adder bites you.
There is a stone staircase leading down, spattered with blood here.
Casting: Summon Small Mammal (safe; 6% risk of failure)
Press: ? - help, Q - select action, (/) - cycle Dir - look around, f - activate The adder bites you.
You are poisoned.
The adder poisons you! The adder bites you.
You hit the adder.
The adder is heavily wounded.
You feel sick. The adder bites you.
* * * LOW HITPOINT WARNING * * *
You are lethally poisoned!
The adder poisons you!
You closely miss the adder.
The adder is heavily wounded.
* * * LOW HITPOINT WARNING * * *
You feel sick. The adder bites you.
* * * LOW HITPOINT WARNING * * *
You are more poisoned.
The adder poisons you! The adder bites you.
You die...

#####.#.......#.#.#.#......#
...##.#...........#....#...#
...##.#....>..######....######
......#........................
...#..#########..........######
...#.........................
.#.#.##########..........####
.#.#..........#..........#
.#.##########.#r@........# .#.#
#.#S.........# .#.#
#.#..........# .#.#
#.#..........# ...#
######.#..######### ##
#...##..#.# #.......# #.####..#
#.§...†.#


You could see an adder (ally target) and a friendly rat (summoned).

Vanquished Creatures
  An adder (D:2)
  A ball python (D:2)
  4 bats
  2 giant cockroaches (D:1)
  4 jackals (D:2)
  5 frilled lizards
  2 kobolds (D:1)
  2 rats (D:1)
21 creatures vanquished.

Notes
Turn   | Place    | Note
-------+----------+-------------------------------------------
     0 | D:1      | Armakuni the Deep Elf Wanderer began the quest for the Orb.
     0 | D:1      | Armakuni set off with the following items: a +2
                  | quarterstaff, a wand of flame (5), a scroll of fog, a +0
                  | robe; and the following spell memorised: Summon Small
                  | Mammal; and the following spells available to memorise:
                  | Call Canine Familiar.
     0 | D:1      | Reached XP level 1. HP: 12/12 MP: 5/5
    69 | D:1      | Found a faded altar of an unknown god.
   336 | D:1      | Reached XP level 2. HP: 17/17 MP: 6/6
   847 | D:2      | Found Bemacacka's General Store.
   853 | D:2      | Bought a scroll of identify for 24 gold pieces
   853 | D:2      | Bought a scroll of identify for 24 gold pieces
  1007 | D:2      | Found Kaxky's Jewellery Shop.
  1065 | D:2      | Found Zemmam's General Store.
  1194 | D:2      | Reached XP level 3. HP: 12/22 MP: 7/7
  1229 | D:2      | HP: 1/22 [adder (3)]
  1229 | D:2      | Slain by an adder

Illustrated notes

Levels and vault maps discovered:
D:1:      onia_arrival_mini_maze, layout_basic, serial_corexii_hall,
          corexii_hall_statues_i, corexii_hall_statues_x,
          basic_ecumenical_altar, wander_ebering_terrifying_dragon_lair
D:2:      layout_basic, serial_shops, nicolae_shop_pleasant_corner_grove,
          shop_statue, nicolae_shop_stone, kennysheep_nondescript,
          minmay_tetromino_i4
D:3:      layout_rooms, zin_statuary, kennysheep_generic_room_11, uniq_robin

Skill      XL: |  1  2 |
---------------+-------+-----
Fighting       | 2 |  2.6
Staves         | |  4.0
Spellcasting   | |  1.5
Summonings     | |  1.1
Invocations    | |  1.0
Evocations     | |  2.1

Action                     || total
---------------------------++-------
  Melee: Quarterstaff      ||    54
   Cast: Summon Small Mamm ||     4
    Use: Scroll            ||     3
   Stab: Sleeping          ||     3
 Armour: Robe              ||    40
  Dodge: Dodged            ||    34

Table legend: (Time is in decaauts)
 A = Elapsed time spent in this place.
 B = Non-inter-level travel time spent in this place.
 C = Inter-level travel time spent in this place.
 D = Time resting spent in this place.
 E = Time spent auto-exploring this place.
 F = Levels seen in this place.
 G = Mean time per level.
                   A        B        C        D        E       F      G
               +--------+--------+--------+--------+--------+-----+--------+
         Total |   1233 |   1155 |     78 |     36 |    910 |   3 |  411.0 |
       Dungeon |   1233 |   1155 |     78 |     36 |    910 |   3 |  411.0 |
               +--------+--------+--------+--------+--------+-----+--------+

Top non-repeatable levels by time:
     D:1: 839 daAuts
     D:2: 387 daAuts
     D:3: 5 daAuts
